 Dungeon Crawl Stone Soup version 0.13.1-28-g3517093 (webtiles) character file.

61 Iskender the Sneak (level 2, -6/13 HPs)
             Began as a Felid Chaos Knight on Mar 13, 2014.
             Was a Plaything of Xom.
             Killed by the capriciousness of Xom (10 damage)
             ... on Level 1 of the Dungeon.
             The game lasted 00:05:15 (1237 turns).

Iskender the Sneak (Felid Chaos Knight)             Turns: 1237, Time: 00:05:15

HP  -6/13        AC  1     Str  8      XL: 2   Next: 96%
MP   3/3         EV 18     Int 13      God: Xom - BORED
Gold 33          SH  0     Dex 15      Spells:  0 memorised,  1 level left
Lives: 0, deaths: 0

Res.Fire  : . . .   See Invis. : +     - Unarmed
Res.Cold  : . . .   Warding    : .   (armour unavailable)
Life Prot.: . . .   Conserve   : .   (shield unavailable)
Res.Poison: .       Res.Corr.  : .   (helmet unavailable)
Res.Elec. : .       Clarity    : .   (cloak unavailable)
Sust.Abil.: . .     Spirit.Shd : .   (gloves unavailable)
Res.Mut.  : .       Stasis     : .   (boots unavailable)
Res.Rott. : .       Flight     : .   (no amulet)
Saprovore : . . .                    (no ring)
                                     (no ring)

@: quick, slightly resistant to hostile enchantments, quite stealthy
A: paw claws, no armour, no advanced items, fangs 3, see invisible, carnivore 3,
speed 1, slow metabolism 1, AC +1
a: Renounce Religion


You were on level 1 of the Dungeon.
You worshipped Xom.
You were a BORING thing.
You were very full.

You visited 1 branch of the dungeon, and saw 1 of its levels.

You collected 13 gold pieces.

Inventory:

Missiles
 b - 17 stones
Comestibles
 c - a meat ration
Scrolls
 a - a scroll of amnesia {unknown}
 d - a scroll of remove curse {unknown}
 e - a scroll of noise {unknown}
 f - a scroll of enchant armour {unknown}
 h - a scroll of curse armour {unknown}
 i - a scroll of identify {unknown}
Potions
 g - a potion of agility {unknown}


   Skills:
 - Level 3.0 Fighting
 - Level 3.2 Dodging
 - Level 3.7 Stealth
 + Level 3.1 Unarmed Combat


You had one spell level left.
You didn't know any spells.

Dungeon Overview and Level Annotations

Branches:
Dungeon (1/27)

Altars:


Innate Abilities, Weirdness & Mutations

You cannot wear armour.
You are incapable of any advanced item manipulation.
Your paws have sharp claws.
You have razor-sharp teeth.
You have supernaturally acute eyesight.
You are carnivorous and can eat meat at any time.
You cover ground quickly.
You are covered in fur (AC +1).
You have a slow metabolism.


Message History

You scratch the giant newt.
You kill the giant newt!
Found 8 poisoned needles.
g - a metallic yellow potion Xom is getting BORED.
h - a scroll labeled SUETO GRABLAF The kobold shouts!
The kobold throws a hand axe.
The hand axe misses you.
You see here a hand axe.
i - a scroll labeled SMOSEO DUET You see here a scroll labeled SMOSEO DUET.
You are now a BORING thing.
The kobold throws an exploding dart.
The exploding dart misses you.
The exploding dart explodes!
The explosion of dart fragments engulfs you!
Xom notices you.
A wave of violent energy washes through your body!
Ouch! That really hurt!
You die...
Xom chortles!

###...#..... ....#.....# #.#
##........... ....#..... #.#
#..........#+#....#.... #.#
##.........##.#....##..######.#
.>............................#
#############..........########
.[...# #...#............#
##<#.####......###...###...?.#
###...##.....##@##.##.##....#
###.##.....#.........#....#
#...##.....##)......##...#
###.####......#.......#....+
#.....##...................#
##.###.##........#...#...!..#
.#...#..........K#...#......#
.###.####........##.##......#
..<#...##..(......###.......#


You could see a kobold.

Vanquished Creatures
  2 giant geckos (D:1)
  An ooze (D:1)
  2 giant cockroaches (D:1)
  4 hobgoblins (D:1)
  3 kobolds (D:1)
  3 bats (D:1)
  3 giant newts (D:1)
  2 goblins (D:1)
  A jackal (D:1)
  3 rats (D:1)
24 creatures vanquished.

Notes
Turn   | Place    | Note
--------------------------------------------------------------
     0 | D:1      | Iskender, the Felid Chaos Knight, began the quest for the Orb.
     0 | D:1      | Reached XP level 1. HP: 9/9 MP: 2/2
   109 | D:1      | Reached skill level 1 in Stealth
   581 | D:1      | Reached XP level 2. HP: 13/13 MP: 3/3
   643 | D:1      | XOM is BORED!
   643 | D:1      | XOM: noise
  1019 | D:1      | XOM: mild Chrm miscast
  1045 | D:1      | XOM: cast spell 'Flight'
  1089 | D:1      | XOM: silly message
  1237 | D:1      | XOM is BORED!
  1237 | D:1      | XOM: mild Conj miscast
  1237 | D:1      | Killed by the capriciousness of Xom

Action                   || total
-------------------------++-------
Melee: Unarmed           ||    79
 Stab: Sleeping          ||     3
